 Dungeon Crawl Stone Soup version 0.31-a0-865-g3d5d91748a (webtiles) character file.

Game seed: 3896454082841336249

1422 CowFu the Spear-Bearer (level 8, -6/64 HPs)
             Began as a Minotaur Fighter on Oct 10, 2023.
             Was an Initiate of Gozag.
             Mangled by a two-headed ogre
             ... wielding a +0 giant spiked club
              (26 damage)
             ... on level 6 of the Dungeon.
             The game lasted 00:05:59 (4971 turns).

CowFu the Spear-Bearer (Minotaur Fighter)           Turns: 4971, Time: 00:06:00

Health: -6/64      AC:  8    Str: 22    XL:     8   Next: 44%
Magic:  7/7        EV: 15    Int: 11    God:    Gozag
Gold:   406        SH:  4    Dex: 11    Spells: 7/7 levels left

rFire   . . .        a - +0 trident
rCold   + . .        c - +0 buckler
rNeg    . . .        w - +3 leather armour {rC+}
rPois   .            (helmet restricted)
rElec   .            m - scarf {shadows}
rCorr   .            x - +0 pair of gloves
SInv    .            g - +0 pair of boots
Will    .....        n - amulet of magic regeneration
Stlth   +            s - +6 ring of intelligence
HPRegen 0.30/turn    y - +5 ring of evasion
MPRegen 0.50/turn

%: no passive effects
@: gold aura
A: horns 2, retaliatory headbutt
a: Renounce Religion, Potion Petition, Call Merchant, Bribe Branch


You were on level 6 of the Dungeon.
You worshipped Gozag.
Gozag was aware of your devotion.
You visited 2 branches of the dungeon, and saw 7 of its levels.

You collected 547 gold pieces.
You paid 141 gold pieces to Gozag.

Inventory:

Hand Weapons
 a - a +0 trident (weapon)
Missiles
 k - 3 silver javelins
Armour
 c - a +0 buckler (worn)
 g - a +0 pair of boots (worn)
 m - a scarf of shadows (worn)
 w - a +3 leather armour of cold resistance (worn)
 x - a +0 pair of gloves (worn)
Jewellery
 n - an amulet of magic regeneration (around neck)
 s - a +6 ring of intelligence (left hand)
 y - a +5 ring of evasion (right hand)
Wands
 z - a wand of roots (28)
Scrolls
 b - a scroll of immolation {unknown}
 e - 9 scrolls of fear {unknown}
 h - 6 scrolls of identify {unknown}
 j - 2 scrolls of blinking {unknown}
 p - 3 scrolls of poison {unknown}
 r - 4 scrolls of enchant armour {unknown}
 u - 4 scrolls of fog {unknown}
 A - a scroll of revelation {unknown}
Potions
 d - a potion of might
 f - 3 potions of berserk rage {unknown}
 i - a potion of heal wounds {unknown}
 l - 2 potions of brilliance {unknown}
 o - 5 potions of curing {unknown}
 q - 3 potions of enlightenment {unknown}
 t - 2 potions of haste {unknown}
 v - 2 potions of resistance {unknown}


   Skills:
 - Level 3.6 Fighting
 + Level 12.6 Polearms
 - Level 3.6 Armour
 - Level 3.6 Shields


You had 7 spell levels left.
You didn't know any spells.
Your spell library contained the following spells:

 Spells                   Type           Power      Damage    Failure   Level
 Kiss of Death            Conj/Necr      0%         2d5       45%         1
 Summon Small Mammal      Summ           0%         N/A       45%         1
 Call Canine Familiar     Summ           0%         N/A       83%         3
 Confusing Touch          Hex            0%         N/A       83%         3
 Ignite Poison            Fire/Tmut/Pois 0%         N/A       83%         3
 Summon Guardian Golem    Hex/Summ       0%         N/A       83%         3
 Dispel Undead            Necr           0%         3d6       99%         4
 Sticky Flame             Conj/Fire      0%         2d3       99%         4
 Ignition                 Fire           0%         3d3       100%        8


Dungeon Overview and Level Annotations

Branches:
Dungeon (6/15)             Temple (1/1) D:5

Altars:
Cheibriados
Dithmenos
Elyvilon
Fedhas
Gozag
Hepliaklqana
Kikubaaqudgha
Okawaru
Ru
Trog
Wu Jian
Xom
Zin

Annotations:
D:4 1 transporter, particleface's ghost, amateur KoFE


Innate Abilities, Weirdness & Mutations

You have a pair of horns on your head.
You reflexively headbutt those who attack you in melee.


Message History

You headbutt the two-headed ogre.
The two-headed ogre is moderately wounded.
The two-headed ogre hits you with a +0 giant spiked club!!
The two-headed ogre hits you with a +0 giant spiked club!
* * * LOW HITPOINT WARNING * * *
You are too injured to fight recklessly!
You are too injured to fight recklessly!
You are too injured to fight recklessly!
You are too injured to fight recklessly!
You are too injured to fight recklessly!
You are too injured to fight recklessly!
You are too injured to fight recklessly!
You are too injured to fight recklessly!
You are too injured to fight recklessly!
You are too injured to fight recklessly!
You are too injured to fight recklessly!
You are too injured to fight recklessly!
You are too injured to fight recklessly!
You are too injured to fight recklessly!
You are too injured to fight recklessly!
You are too injured to fight recklessly!
You are too injured to fight recklessly!
You are too injured to fight recklessly!
You barely miss the two-headed ogre.
The two-headed ogre is moderately wounded.
You hit the two-headed ogre.
Your headbutt misses the two-headed ogre.
The two-headed ogre is moderately wounded.
The two-headed ogre closely misses you. The two-headed ogre barely misses you.
You puncture the two-headed ogre! You headbutt the two-headed ogre.
The two-headed ogre is heavily wounded.
You hear a shout!
A shadow imp comes into view.
You hit the two-headed ogre.
The two-headed ogre is severely wounded.
The two-headed ogre misses you. You furiously retaliate!
You headbutt the two-headed ogre!
The two-headed ogre hits you with a +0 giant spiked club!!
You die...
Your body crumbles into a pile of gold.

#....# #....#.#
#...##....... #....#
#....#.# ######.######
#....# #....#.# #.# #..
.....#######....#.#
#.####.#
...........'....'.#
#.#<...#
...#########....###
#.#.##.# #..# ######
#.#.#... #..#
.#....##########.#.>...
#..#
.'....@..........###.##
#..######
.#...O##############.#
#.......##.....5
#.........#
#.#####.##......
###.#####%#
#.#.....##...... #...#
#.# ..#.######.#'#..
#.P.# #.#
###.######.#.#.. #...#
#.# .........#.# ##.##
#.# ###.####.#)# #.#
#..


You could see a two-headed ogre and a shadow imp.

Vanquished Creatures
  Sigmund (D:6)
  2 ice beasts
  An orc warrior (D:6)
  A phantom (D:4)
  A bullfrog (D:6)
  A scorpion (D:5)
  2 howler monkeys
  3 hounds
  4 jellies
  2 orc priests
  2 iguanas (D:6)
  Ijyb (D:5)
  5 orc wizards
  11 adders
  A white imp (D:6)
  2 ufetubi (D:4)
  2 worms
  5 dart slugs
  10 orcs
  5 bats
  8 endoplasms
  3 giant cockroaches
  8 goblins
  5 hobgoblins
  10 jackals
  13 quokkas
  9 ball pythons
  3 frilled lizards
  13 kobolds
  4 rats
138 creatures vanquished.

Notes
Turn   | Place    | Note
-------+----------+-------------------------------------------
     0 | D:1      | CowFu the Minotaur Fighter began the quest for the Orb.
     0 | D:1      | Reached XP level 1. HP: 19/19 MP: 0/0
   101 | D:1      | Reached skill level 3 in Polearms
   106 | D:1      | Reached XP level 2. HP: 23/26 MP: 1/1
   306 | D:1      | Reached skill level 4 in Polearms
   416 | D:1      | Reached XP level 3. HP: 31/31 MP: 2/2
   928 | D:2      | Reached skill level 5 in Polearms
  1011 | D:2      | Reached XP level 4. HP: 29/39 MP: 3/3
  1518 | D:2      | Found a faded altar of an unknown god.
  1756 | D:3      | Reached skill level 6 in Polearms
  2008 | D:3      | Found an ornate altar of the Wu Jian Council.
  2065 | D:3      | Reached XP level 5. HP: 45/45 MP: 4/4
  2565 | D:4      | Reached skill level 7 in Polearms
  2673 | D:4      | Noticed a phantom
  2682 | D:4      | Killed a phantom
  2683 | D:4      | Reached XP level 6. HP: 51/51 MP: 5/5
  2739 | D:4      | Found a transporter.
  2740 | D:4      | Noticed particleface's ghost (amateur KoFE)
  2839 | D:4      | Reached skill level 8 in Polearms
  3013 | D:4      | Found an opulent altar of Gozag.
  3013 | D:4      | Found a glowing silver altar of Zin.
  3123 | D:5      | Entered Level 5 of the Dungeon
  3175 | D:5      | Found an iron altar of Okawaru.
  3365 | D:5      | Reached skill level 9 in Polearms
  3488 | D:5      | Reached XP level 7. HP: 57/57 MP: 6/6
  3521 | D:5      | Noticed Ijyb
  3529 | D:5      | Killed Ijyb
  3627 | D:5      | Found a staircase to the Ecumenical Temple.
  3643 | Temple   | Entered the Ecumenical Temple
  3697 | D:5      | Found a snail-covered altar of Cheibriados.
  3745 | D:4      | Became a worshipper of Gozag Ym Sagoz the Greedy
  3944 | D:5      | Reached skill level 10 in Polearms
  3947 | D:5      | Found a hazy altar of Hepliaklqana.
  3964 | D:5      | You fall into a shaft and drop 1 floor!
  4186 | D:6      | Noticed Sigmund
  4203 | D:6      | Killed Sigmund
  4204 | D:6      | Reached skill level 11 in Polearms
  4204 | D:6      | Reached XP level 8. HP: 54/64 MP: 7/7
  4780 | D:6      | Found a white marble altar of Elyvilon.
  4831 | D:6      | Reached skill level 12 in Polearms
  4959 | D:6      | Noticed a two-headed ogre
  4971 | D:6      | Mangled by a two-headed ogre

Illustrated notes

Levels and vault maps discovered:
D:1:      dpeg_arrival_three_same_balls, layout_loops_ring, solitary_fountain
D:2:      layout_loops_ring, chequers_ecumenical_altar_twisty,
          serial_bayou_lagoon_a, minmay_unequal
D:3:      layout_loops_cross, nzn_wu_jian_council_hall
D:4:      layout_cave_pools, grunt_temple_overflow_gold_and_silver,
          gammafunk_ghost_mausoleum
D:5:      layout_cave_pods, kennysheep_little_box,
          mainiacjoe_overflow_cross_hatched, cheibriados_altar_1,
          minmay_temple_entry_offerings, minmay_gold_behind_fungi,
          minmay_misc_feat_x, minmay_misc_feat_doors, uniq_ijyb
D:6:      layout_basic, elyvilon_altar_1, kennysheep_generic_room_4,
          uniq_sigmund
Temple:   nicolae_temple_ecumenical_triangle

Skill      XL: |  1  2  3  4  5  6  7  8 |
---------------+-------------------------+-----
Polearms       | 3 4 5 6 7 9 11 12 | 12.6
Fighting       | |  3.6
Armour         | |  3.6
Shields        | |  3.6

Action                     |  1- 3 |  4- 6 |  7- 9 || total
---------------------------+-------+-------+-------++-------
  Melee: Trident           |   111 |   216 |   125 ||   452
         Headbutt          |    10 |    24 |    17 ||    51
 Armour: Scale mail        |    65 |    29 |       ||    94
         Leather armour    |       |    70 |    29 ||    99
  Dodge: Dodged            |    23 |    60 |    38 ||   121
  Block: Buckler           |    29 |    25 |     9 ||    63

Table legend: (Time is in decaauts)
 A = Elapsed time spent in this place.
 B = Non-inter-level travel time spent in this place.
 C = Inter-level travel time spent in this place.
 D = Time resting spent in this place.
 E = Time spent auto-exploring this place.
 F = Levels seen in this place.
 G = Mean time per level.
                   A        B        C        D        E       F      G
               +--------+--------+--------+--------+--------+-----+--------+
         Total |   4964 |   4733 |    231 |      0 |   3853 |   7 |  709.1 |
       Dungeon |   4915 |   4692 |    223 |      0 |   3853 |   6 |  819.2 |
        Temple |     48 |     40 |      8 |      0 |      0 |   1 |   48.0 |
               +--------+--------+--------+--------+--------+-----+--------+

Top non-repeatable levels by time:
     D:6: 981 daAuts
     D:2: 952 daAuts
     D:3: 817 daAuts
     D:1: 809 daAuts
     D:5: 708 daAuts
     D:4: 646 daAuts
  Temple: 48 daAuts
